 Dungeon Crawl Stone Soup version 0.31-a0-835-g2a3a5bc3be (webtiles) character file.

Game seed: 17451035418967227792

900 Malachi the Ruffian (level 8, -4/72 HPs)
             Began as an Octopode Shapeshifter on Sept 26, 2023.
             Was a Priest of Hepliaklqana.
             Slain by Menkaure (15 damage)
             ... on level 4 of the Dungeon.
             The game lasted 00:08:49 (3557 turns).

Malachi the Ruffian (Octopode Shapeshifter)         Turns: 3557, Time: 00:08:49

Health: -4/72      AC: 24    Str: 19    XL:     8   Next: 7%
Magic:  8/8        EV:  2    Int: 17    God:    Hepliaklqana [***...]
Gold:   175        SH:  5    Dex:  8    Spells: 7/7 levels left

rFire   + .          .
                       - Unarmed
rCold   . . .        (no shield)
rNeg    . . .        (helmet currently unavailable)
rPois   +            e - amulet of reflection
rElec   .            n - ring "Atoab" {EV+5 Int+5 Dex-3 Slay+5}
rCorr   .            m - ring of Inuntelu {rF+ Will+ Str+3 Slay+4}
SInv    .            (no ring)
Will    +....        (no ring)
Stlth   +            (no ring)
HPRegen 0.32/turn    (no ring)
MPRegen 0.11/turn    (no ring)
                     (no ring)

%: reflection
@: tree-form
A: stationary, stasis, torment immunity, boosted hp, reduced essence, almost no
armour, (amphibious), 8 rings, (camouflage 1), (gelatinous body 1), (nimble
swimmer 1), (tentacles)
a: Renounce Religion, Recall Ancestor, Ancestor Identity, Transference


You were on level 4 of the Dungeon.
You worshipped Hepliaklqana.
Hepliaklqana was most pleased with you.
You were a tree.
You visited 1 branch of the dungeon, and saw 4 of its levels.

You collected 1407 gold pieces.
You spent 1232 gold pieces at shops.

Inventory:

Hand Weapons
 p - the +7 hand axe of Annihilation {elec, rF- Str+2 Int+6}
   (You found it on level 4 of the Dungeon)

   Str+2:     It affects your strength (+2).
   Int+6:     It affects your intelligence (+6).
   rF-:       It makes you vulnerable to fire.
 r - a +4 orcbow
Jewellery
 e - an amulet of reflection (around neck)
 m - the ring of Inuntelu (right branch) {rF+ Will+ Str+3 Slay+4}
   (You bought it in a shop on level 1 of the Dungeon)

   [ring of slaying]

   Str+3:     It affects your strength (+3).
   Slay+4:    It affects your accuracy & damage with ranged weapons and melee
   (+4).
   rF+:       It protects you from fire.
   Will+:     It increases your willpower.
 n - the ring "Atoab" (left branch) {EV+5 Int+5 Dex-3 Slay+5}
   (You found it on level 3 of the Dungeon)

   [ring of evasion]

   EV+5:      It affects your evasion (+5).
   Int+5:     It affects your intelligence (+5).
   Dex-3:     It affects your dexterity (-3).
   Slay+5:    It affects your accuracy & damage with ranged weapons and melee
   (+5).
Talismans
 b - a beast talisman
 c - a flux talisman
Wands
 g - a wand of iceblast (7)
 j - a wand of flame (10)
 q - a wand of mindburst (10)
 s - a wand of polymorph (7)
Scrolls
 o - 3 scrolls of teleportation
Potions
 d - a potion of cancellation {unknown}
 f - a potion of ambrosia {unknown}
 h - a potion of heal wounds {unknown}
 i - a potion of haste {unknown}
 k - 2 potions of invisibility {unknown}
 l - a potion of magic {unknown}
 t - a potion of degeneration {unknown}


   Skills:
 + Level 4.4 Fighting
 + Level 4.8 Dodging
 + Level 5.3 Unarmed Combat
 + Level 5.0 Shapeshifting


You had 7 spell levels left.
You didn't know any spells.
Your spell library contained the following spells:

 Spells                   Type           Power      Damage    Failure   Level
 Kiss of Death            Conj/Necr      0%         2d5       24%         1
 Blink                    Tloc           0%         N/A       34%         2
 Lesser Beckoning         Tloc           0%         N/A       34%         2
 Momentum Strike          Conj/Tloc      0%         3d8       34%         2
 Confusing Touch          Hex            0%         N/A       56%         3
 Ozocubu's Armour         Ice            0%         N/A       56%         3
 Dispel Undead            Necr           0%         3d6       93%         4
 Ozocubu's Refrigeration  Ice            0%         4d7       100%        7


Dungeon Overview and Level Annotations

Branches:
Dungeon (4/15)             Temple (0/1) D:4

Altars:
Hepliaklqana
Sif Muna
Zin
The Shining One

Shops:
D:1 !=[?*   D:2 ?(*::

Annotations:
D:2 1 runed translucent door, exclusion: door, Crazy Yiuf
D:4 exclusion: 2 doors, Menkaure


Innate Abilities, Weirdness & Mutations

You are a tree.
Your roots penetrate the ground, keeping you stationary.
You cannot be teleported.
You are immune to unholy pain and torment.
Your maximum health is greatly increased.
Your life essence is reduced to manifest your ancestor. (-10% HP)
You cannot wear most types of armour.
((You are amphibious.))
You can wear up to eight rings at the same time.
((Your skin changes colour to match your surroundings (Stealth+).))
((Your rubbery body absorbs attacks. (AC +1, EV +1)))
((You are camouflaged when in or above water. (Stealth+)))
((You have tentacles for arms and can constrict up to eight enemies at once.))


Message History

There is an open door here.
Key pressed, stopping explore.
Found a stone staircase leading down.
A hobgoblin comes into view.
A hobgoblin is nearby!
A hobgoblin is nearby!
A hobgoblin is nearby!
The hobgoblin shouts!
Chitauli points at the hobgoblin and mumbles some strange words.
The stone arrow hits the hobgoblin!
The hobgoblin dies!
No target in view!
No target in view!
No target in view!
o - 3 scrolls of teleportation (gained 1)
Found a stone staircase leading up.
You open the door.
Menkaure, Prince of Dust comes into view.
Menkaure shouts!
Menkaure is nearby!
Menkaure is nearby!
Menkaure is nearby!
Menkaure calls on the powers of darkness!
Your body is wracked with pain!
There is an open door here.
Chitauli casts a spell at Menkaure.
The stone arrow hits Menkaure!
Menkaure casts a spell.
Menkaure seems to speed up.
You barely miss Menkaure. You grab Menkaure.
Menkaure is moderately damaged.
You constrict Menkaure, but do no damage.
Menkaure hits you!!
* * * LOW HITPOINT WARNING * * *
You are too injured to fight recklessly!
Unknown command.
Your transformation has ended.
You turn into a tree.
Your roots penetrate the ground.
You lose your grip on Menkaure.
Menkaure hits you!
You die...

...... ....# ......
#....#### ....##
#........ #####.
#...<.... #.....
#######........ #..##.
##.....#....... #..##.
#....M.#....# ##.....
#.....♣R....# +......
#......#....# #......
########....######.....
#.......#####...##....#
#.......#..#.........##
#.......#..#.........#.
#.......#..#.........#.
#.......#..#.........#.
#..........#.........#.


You could see the friendly Chitauli the battlemage and Menkaure (fast, ally
target).

Vanquished Creatures
  A sky beast (D:4)
  A scorpion (D:4)
  2 howler monkeys (D:4)
  2 hounds (D:4)
  Natasha (twice) (D:2)
  2 orc wizards (D:4)
  Robin (D:4)
  2 adders
  A worm (D:3)
  5 dart slugs
  6 orcs
  2 endoplasms (D:1)
  A giant cockroach (D:3)
  12 goblins
  3 hobgoblins
  5 jackals
  4 kobolds
  A quokka (D:1)
  8 ball pythons
  3 bats
  2 frilled lizards (D:1)
  5 rats
71 creatures vanquished.

Vanquished Creatures (collateral kills)
  An orc warrior (D:4)
  An ogre (D:4)
  A kobold brigand (D:4)
  An orc priest (D:4)
  3 orc wizards
  Natasha (D:2)
  An adder (D:3)
  4 orcs
  3 endoplasms
  4 hobgoblins
  2 jackals
  5 ball pythons
  3 goblins
  3 kobolds
33 creatures vanquished.

Grand Total: 104 creatures vanquished

Notes
Turn   | Place    | Note
-------+----------+-------------------------------------------
     0 | D:1      | Malachi the Octopode Shapeshifter began the quest for the
                  | Orb.
     0 | D:1      | Reached XP level 1. HP: 13/13 MP: 1/1
    32 | D:1      | Found Cuulotiq's Armour Boutique.
    81 | D:1      | Reached XP level 2. HP: 13/18 MP: 2/2
   115 | D:1      | Found a faded altar of an unknown god.
   183 | D:1      | Prayed at the altar of an unknown god.
   183 | D:1      | Became a worshipper of Hepliaklqana the Forgotten
   183 | D:1      | Reached * piety under Hepliaklqana
   197 | D:1      | Found Quwuur's General Store.
   269 | D:1      | Found Kiampoix's Magic Scroll Shop.
   539 | D:1      | Reached XP level 3. HP: 20/20 MP: 3/3
   561 | D:1      | Found Couzao's Distillery.
   569 | D:1      | Found Cuekhustre's Jewellery Emporium.
   921 | D:2      | Reached ** piety under Hepliaklqana
   922 | D:2      | Remembered your ancestor Chitauli as a battlemage
  1029 | D:2      | Found Bissiosi's Book Shoppe.
  1050 | D:2      | Found Baitocia's Assorted Antiques.
  1082 | D:2      | Reached XP level 4. HP: 21/26 MP: 4/4
  1340 | D:2      | Found a shimmering blue altar of Sif Muna.
  1355 | D:2      | Found Emepriag's Weapon Boutique.
  1405 | D:2      | Found Jeffiez's Magic Scroll Shoppe.
  1467 | D:2      | Found Kahyminep's Book Boutique.
  1512 | D:2      | Noticed Natasha
  1519 | D:2      | Killed Natasha
  1520 | D:2      | Reached XP level 5. HP: 31/31 MP: 5/5
  1657 | D:2      | Noticed Natasha
  1660 | D:2      | Killed Natasha
  1760 | D:2      | Noticed Natasha
  1764 | D:2      | Killed Natasha
  1845 | D:2      | Found a runed translucent door.
  1846 | D:2      | Noticed Crazy Yiuf
  1909 | D:3      | Found a glowing golden altar of the Shining One.
  1999 | D:3      | Identified the ring "Atoab" {EV+5 Int+5 Dex-3 Slay+5}
  2172 | D:3      | Found a glowing silver altar of Zin.
  2446 | D:3      | Identified a scroll of acquirement
  2446 | D:3      | Acquired 1191 gold pieces
  2530 | D:1      | Bought the ring of Inuntelu {rF+ Will+ Str+3 Slay+4} for
                  | 1232 gold pieces
  2599 | D:4      | Found a large runed translucent door.
  2600 | D:4      | Found a large runed translucent door.
  2605 | D:4      | Noticed an orc warrior
  2606 | D:4      | Noticed a kobold brigand
  2671 | D:4      | Reached *** piety under Hepliaklqana
  2679 | D:4      | Found a large runed translucent door.
  2679 | D:4      | Found a large runed translucent door.
  2696 | D:4      | Noticed an ogre
  2704 | D:4      | Killed an ogre
  2705 | D:4      | Reached XP level 6. HP: 18/37 MP: 6/6
  2818 | D:4      | Identified the +7 hand axe of Annihilation {elec, rF- Str+2
                  | Int+6}
  2840 | D:4      | Killed an orc warrior
  2841 | D:4      | Reached XP level 7. HP: 41/41 MP: 7/7
  2933 | D:4      | Noticed Robin
  2945 | D:4      | Killed Robin
  3056 | D:4      | Reached skill level 5 in Unarmed Combat
  3266 | D:4      | Found a staircase to the Ecumenical Temple.
  3305 | D:4      | Reached XP level 8. HP: 48/48 MP: 8/8
  3357 | D:4      | Reached skill level 5 in Shapeshifting
  3553 | D:4      | Noticed Menkaure
  3557 | D:4      | Slain by Menkaure

Illustrated notes

Levels and vault maps discovered:
D:1:      amcnicky_arrival_abandoned_market, layout_basic, serial_shops, shop,
          nicolae_shop_tiny_real_fake_doors, shop,
          nicolae_shop_industrial_runoff, nicolae_shop_hallway_plus,
          shapermc_ecumenical_altar_flowoftime, minmay_misc_feat_encased,
          chequers_garden, glass_columns_a
D:2:      layout_loops_corners, serial_forest, infiniplex_forest_zigzag_1,
          infiniplex_forest_lined_room_3, infiniplex_forest_clump_cross,
          infiniplex_forest_clump_small, serial_shops,
          nicolae_shop_tiny_waterfront, nicolae_lakefront_shop, shop,
          nicolae_shop_bloodbath_and_beyond, shop, basic_altar, uniq_natasha,
          uniq_crazy_yiuf_cottage
D:3:      layout_basic, mainiacjoe_overflow_concentric_impassable, zin_treasury
D:4:      layout_gridville, temple_fountains, minmay_hollow_rounded_squares,
          uniq_menkaure, uniq_robin

Skill      XL: |  1  2  3  4  5  6  7  8 |
---------------+-------------------------+-----
Fighting       | 2 3 4 |  4.4
Dodging        | 3 4 |  4.8
Unarmed Combat | 4 5 |  5.3
Shapeshifting  | 4 5 |  5.0

Action                     |  1- 3 |  4- 6 |  7- 9 || total
---------------------------+-------+-------+-------++-------
  Melee: Unarmed           |    71 |    30 |    44 ||   145
         Tentacles         |    21 |     6 |     5 ||    32
         Constrict         |    16 |     7 |    12 ||    35
         Punch             |     2 |     1 |       ||     3
 Invoke: Ancestor Life: Ba |     1 |       |       ||     1
    Use: Scroll            |     2 |     4 |       ||     6
         Potion            |       |       |     1 ||     1
   Stab: Sleeping          |     3 |       |     2 ||     5
         Distracted        |       |     1 |       ||     1
 Armour: Skin              |    20 |    13 |    14 ||    47
  Dodge: Dodged            |    27 |    14 |    21 ||    62
  Block: Other             |     6 |     1 |     7 ||    14

Table legend: (Time is in decaauts)
 A = Elapsed time spent in this place.
 B = Non-inter-level travel time spent in this place.
 C = Inter-level travel time spent in this place.
 D = Time resting spent in this place.
 E = Time spent auto-exploring this place.
 F = Levels seen in this place.
 G = Mean time per level.
                   A        B        C        D        E       F      G
               +--------+--------+--------+--------+--------+-----+--------+
         Total |   3546 |   3327 |    219 |    226 |   2439 |   4 |  886.5 |
       Dungeon |   3546 |   3327 |    219 |    226 |   2439 |   4 |  886.5 |
               +--------+--------+--------+--------+--------+-----+--------+

Top non-repeatable levels by time:
     D:2: 1030 daAuts
     D:4: 955 daAuts
     D:1: 945 daAuts
     D:3: 615 daAuts
